 Dungeon Crawl Stone Soup version 0.28.0 (webtiles) character file.

Game seed: 9247864521916168013

14 RighteousDevil the Charlatan (level 2, -1/23 HPs)
             Began as a Hill Orc Artificer on Feb 14, 2022.
             Was a Follower of Sif Muna.
             Slain by a hobgoblin (2 damage)
             ... on level 1 of the Dungeon.
             The game lasted 00:01:05 (813 turns).

RighteousDevil the Charlatan (Hill Orc Artificer)    Turns: 813, Time: 00:01:06

Health: -1/23      AC:  5    Str: 14    XL:     2   Next: 45%
Magic:  2/2        EV: 10    Int: 11    God:    Sif Muna [*.....]
Gold:   50         SH:  0    Dex: 11    Spells: 1/1 levels left

rFire   . . .      SeeInvis .   f - +0 mace
rCold   . . .      Faith    .   (no shield)
rNeg    . . .      Spirit   .   i - +0 ring mail
rPois   .          Reflect  .   (no helmet)
rElec   .          Harm     .   (no cloak)
rCorr   .          Rampage  .   (no gloves)
Will    .....                   (no boots)
Stlth   +.........              (no amulet)
HPRegen 0.07/turn               (no ring)
MPRegen 0.08/turn               (no ring)

@: no status effects
A: no striking features
a: Renounce Religion, Channel Magic


You were on level 1 of the Dungeon.
You worshipped Sif Muna.
Sif Muna was aware of your devotion.
You visited 1 branch of the dungeon, and saw 1 of its levels.

You collected 50 gold pieces.

Inventory:

Hand Weapons
 a - a +0 club
 f - a +0 mace (weapon)
Missiles
 h - 2 atropa-tipped darts
Armour
 b - a +0 leather armour
 i - a +0 ring mail (worn)
Jewellery
 j - a ring of positive energy
Wands
 c - a wand of flame (15) (quivered)
 d - a wand of charming (15)
Scrolls
 g - a scroll of immolation {unknown}
Miscellaneous
 e - a piece from Xom's chessboard (15/15)


   Skills:
 - Level 1.2 Fighting
 + Level 2.8 Axes
 - Level 2.1 Armour
 - Level 0.7 Dodging
 - Level 0.7 Stealth
 - Level 3.0 Evocations


You had one spell level left.
You didn't know any spells.
Your spell library was empty.

Dungeon Overview and Level Annotations

Branches:
Dungeon (1/15)

Altars:
Sif Muna

Shops:
D:1 [


Message History

A hobgoblin comes into view.
The gnoll barely misses you.
You hit the gnoll but do no damage. The gnoll hits you with a +0 spear.
You hit the gnoll.
The gnoll is heavily wounded.
The hobgoblin hits you but does no damage.
The gnoll hits you with a +0 spear.
The hobgoblin hits you but does no damage.
The gnoll hits you with a +0 spear.
You barely miss the gnoll.
The gnoll is heavily wounded.
The hobgoblin barely misses you. The gnoll barely misses you.
You closely miss the gnoll.
The gnoll is heavily wounded.
The hobgoblin hits you. The gnoll barely misses you.
The hobgoblin barely misses you.
You are too injured to fight recklessly!
You are too injured to fight recklessly!
You hit the gnoll.
The gnoll is almost dead.
The gnoll hits you with a +0 spear.
* * * LOW HITPOINT WARNING * * *
The hobgoblin hits you.
* * * LOW HITPOINT WARNING * * *
The gnoll barely misses you.
You hit the gnoll but do no damage.
The gnoll is almost dead.
The hobgoblin hits you.
* * * LOW HITPOINT WARNING * * *
The gnoll hits you with a +0 spear.
* * * LOW HITPOINT WARNING * * *
You barely miss the gnoll.
The gnoll is almost dead.
The hobgoblin closely misses you. The gnoll closely misses you.
The hobgoblin hits you but does no damage.
Unknown command.
You closely miss the gnoll.
The gnoll is almost dead.
The gnoll barely misses you. The hobgoblin hits you.
You die...

########## #........#
########.######.########
.......@.# #............
##...[gg...#.##.########
#.........# #+#
#............
.#.........###
...........#
##.###.#.### .# ## .#


You could see a gnoll and a hobgoblin.

Vanquished Creatures
  An endoplasm (D:1)
  2 goblins (D:1)
  3 hobgoblins (D:1)
  A kobold (D:1)
  A quokka (D:1)
  A ball python (D:1)
  2 bats (D:1)
  2 rats (D:1)
13 creatures vanquished.

Notes
Turn   | Place    | Note
-------+----------+-------------------------------------------
     0 | D:1      | RighteousDevil the Hill Orc Artificer began the quest for
                  | the Orb.
     0 | D:1      | Reached XP level 1. HP: 16/16 MP: 1/1
   126 | D:1      | Reached skill level 1 in Axes
   209 | D:1      | Found a faded altar of an unknown god.
   268 | D:1      | Prayed at the altar of an unknown god.
   268 | D:1      | Became a worshipper of Sif Muna the Loreminder
   268 | D:1      | Reached * piety under Sif Muna
   294 | D:1      | Reached XP level 2. HP: 21/23 MP: 2/2
   429 | D:1      | Found Mairops's Armour Boutique.
   811 | D:1      | HP: 1/23 [gnoll (2)]
   813 | D:1      | Slain by a hobgoblin

Illustrated notes

Levels and vault maps discovered:
D:1:      dpeg_arrival_yet_another_circle, layout_loops_ring, serial_shops,
          nicolae_shop_advertising_works [nicolae_subvault_shop_adworks], shop,
          nicolae_shop_bloodbath_and_beyond, nicolae_shop_hallway_stairs,
          ebering_ecumenical_altar_sacrificial, item_on_display_a

Skill      XL: |  1 |
---------------+----+-----
Axes           | 2 |  2.8
Fighting       | |  1.2
Armour         | |  2.1
Dodging        | |  0.7
Stealth        | |  0.7
Evocations     | |  3.0

Action                   || total
-------------------------++-------
Melee: Mace              ||    55
Armor: Ring mail         ||    24
       Leather armour    ||     2
Dodge: Dodged            ||    44
